 Dungeon Crawl Stone Soup version 0.30-b1-5-g8e6c1be481 (webtiles) character file.

Game seed: 1038313482324332116

18 Sykov the Grave Robber (level 2, -3/20 HPs)
             Began as a Ghoul Necromancer on May 5, 2023.
             Slain by an adder (4 damage)
             ... on level 2 of the Dungeon.
             The game lasted 00:09:21 (1101 turns).

Sykov the Grave Robber (Ghoul Necromancer)          Turns: 1101, Time: 00:09:22

Health: -3/20      AC:  2    Str: 11    XL:     2   Next: 66%
Magic:  2/4        EV: 12    Int: 10    God:
Gold:   10         SH:  0    Dex:  9    Spells: 4/5 levels left

rFire   . . .        e - +0 trident
rCold   + . .        (no shield)
rNeg    + + +        a - +0 robe
rPois   ∞            (no helmet)
rElec   .            (no cloak)
rCorr   .            (no gloves)
SInv    .            (no boots)
Will    .....        (no amulet)
Stlth   ++           (no ring)
HPRegen 0.00/turn    (no ring)
MPRegen 0.09/turn

%: no passive effects
@: inhibited regen
A: claws 1, cold resistance 1, negative energy resistance 3, inhibited
regeneration, torment resistance 2, devour on kill
a: no special abilities


You were on level 2 of the Dungeon.
You visited 1 branch of the dungeon, and saw 2 of its levels.

You collected 10 gold pieces.

Inventory:

Hand Weapons
 d - a +0 mace
 e - a +0 trident (weapon)
 f - a +0 dagger
Missiles
 g - 5 stones
Armour
 a - a +0 robe (worn)
Scrolls
 c - a scroll of silence {unknown}
 h - a scroll of butterflies {unknown}
 i - a scroll of magic mapping {unknown}
Potions
 b - a potion of magic


   Skills:
 + Level 0.1 Polearms
 + Level 1.9 Dodging
 + Level 2.2 Stealth
 + Level 2.0 Spellcasting
 + Level 4.4 Necromancy


You had 4 spell levels left.
You knew the following spells:

 Your Spells              Type           Power      Damage    Failure   Level
a - Necrotise             Necr           36%        1d5       4%          1

Your spell library contained the following spells:

 Spells                   Type           Power      Damage    Failure   Level
 Vampiric Draining        Necr           9%         2d6       16%         3
 Animate Dead             Necr           9%         N/A       45%         4
 Agony                    Necr           9%         N/A       80%         5


Dungeon Overview and Level Annotations

Branches:
Dungeon (2/15)

Altars:
Xom

Annotations:
D:2 Natasha


Innate Abilities, Weirdness & Mutations

You are immune to poison.
You have sharp fingernails.
Your flesh is cold resistant. (rC+)
You are immune to negative energy. (rN+++)
You do not regenerate when monsters are visible.
You are immune to unholy pain and torment.
You thrive by killing the living.


Message History

You don't have enough magic to cast this spell.
Natasha casts a spell at you. You resist with significant effort.
Your hobgoblin skeleton hits the endoplasm.
The endoplasm hits your hobgoblin skeleton.
Your hobgoblin skeleton hits the endoplasm but does no damage.
You puncture the endoplasm!
You kill the endoplasm!
Natasha claws you.
Your hobgoblin skeleton closely misses Natasha.
Natasha attacks as you move away! Natasha closely misses you.
Natasha claws you.
An adder comes into view.
The adder hisses angrily.
You hear a shout!
Your hobgoblin skeleton misses the rat.
Magic courses through your body.
Natasha casts a spell.
The rat twitches its whiskers.
Casting: Necrotise (safe; 4% risk of failure)
Confirm with . or Enter, or press ? or * to list all spells.
Aiming: Necrotise (safe; 4% risk of failure)
Press: ? - help, Shift-Dir - straight line, f - Natasha
Aim: Natasha (ally target, chance to affect: 61%) Natasha writhes in agony.
Natasha claws you but does no damage. The rat closely misses you.
The cerulean imp barely misses you.
Casting: Necrotise (safe; 4% risk of failure)
Confirm with . or Enter, or press ? or * to list all spells.
Aiming: Necrotise (safe; 4% risk of failure)
Press: ? - help, Shift-Dir - straight line, f/p - Natasha
Aim: Natasha (lightly wounded, ally target, chance to affect: 61%) Natasha writhes in agony.
Natasha claws you.
* * * LOW HITPOINT WARNING * * *
The rat completely misses you.
The cerulean imp hits you from afar with a +2 spear.
* * * LOW HITPOINT WARNING * * *
Your hobgoblin skeleton barely misses Natasha.
You barely miss Natasha.
Natasha is heavily wounded.
The adder bites you.
You die...

#......###.. #...........g
#.......###.# #>.....#.....
....... #.........## B....#
#......#..... g..B.##
#.........### ......
#..5..S#.## ......
#.####..Zh@.#.# #.._..
#...†....r..#.########.....
........##.###..............
.........#.###...........###
.........#..#.....†.........
.........##.#.#.........####
.........##...#.........#
.........###..#<........#
.........#....)..########


You could see Natasha (ally target), a cerulean imp (summoned), an adder, a
goblin, a rat and a friendly hobgoblin skeleton.

Vanquished Creatures
  A dart slug (D:1)
  A ball python (D:1)
  An endoplasm (D:2)
  2 giant cockroaches
  A goblin (D:2)
  3 hobgoblins
  2 bats
  A frilled lizard (D:1)
  2 rats (D:1)
14 creatures vanquished.

Notes
Turn   | Place    | Note
-------+----------+-------------------------------------------
     0 | D:1      | Sykov the Ghoul Necromancer began the quest for the Orb.
     0 | D:1      | Reached XP level 1. HP: 14/14 MP: 2/2
   306 | D:1      | Reached XP level 2. HP: 20/20 MP: 0/3
   978 | D:2      | Found a shimmering altar of Xom.
  1087 | D:2      | Noticed Natasha
  1100 | D:2      | HP: 1/20 [cerulean imp/+2 spear[Natasha] (4)]
  1101 | D:2      | Slain by an adder

Illustrated notes

Levels and vault maps discovered:
D:1:      mushboom_english_gardens, layout_basic
D:2:      layout_rooms, basic_altar, uniq_natasha

Skill      XL: |  1  2 |
---------------+-------+-----
Spellcasting   | 2 |  2.0
Polearms       | |  0.1
Dodging        | |  1.9
Stealth        | |  2.2
Necromancy     | |  4.4

Action                     || total
---------------------------++-------
  Melee: Trident           ||    16
         Mace              ||     4
   Cast: Necrotise         ||    30
    Use: Potion            ||     1
 Armour: Robe              ||     4
  Dodge: Dodged            ||    21
